Map: Eternal Empire LE

Players

Chunchunmaru - Winner!

  • Race: Protoss Protoss
  • League: Diamond
  • Spawn Location: 1:00

A.I. 1 (Very Easy)

  • Race: Protoss Protoss
  • Spawn Location: 7:00

VOD

Have the link to the VOD?

Description

Example of the 4 Gate in action.

Time

  • Played on: April 4, 2020, 11:10 p.m.
  • Length: 5:22
Show
View Real Time Build Order
Export as new Build Order

Chunchunmaru Protoss - Winner!

Build Orders:  

Get SALT Encoding   

  12  0:01  Probe  
  13  0:13  Probe  
  14  0:17  Pylon  
  14  0:25  Probe (Chrono Boost)  
  15  0:37  Probe (Chrono Boost)  
  15  0:41  Gateway  
  16  0:45  Probe (Chrono Boost)  
  17  0:51  Probe, Assimilator  
  18  1:00  Assimilator  
  18  1:03  Probe  
  19  1:16  Gateway  
  19  1:17  Probe  
  20  1:29  Probe  
  21  1:33  Cybernetics Core  
  21  1:41  Probe  
  21  1:45  Pylon  
  22  1:53  Probe  
  23  2:07  Stalker x2 (Chrono Boost), Warp Gate (Chrono Boost)  
  27  2:18  Pylon  
  27  2:30  Stalker  
  27  2:33  Stalker  
  31  2:54  Gateway  
  31  2:55  Gateway  
  31  3:01  Stalker  
  33  3:07  Stalker  
  35  3:25  Pylon  
  35  3:28  Shield Battery  
  35  3:51  Stalker x2  
  35  3:52  Stalker  
  35  3:54  Stalker  
  43  4:08  Pylon  
  43  4:32  Stalker x2  
  43  4:33  Stalker x2  
  51  4:54  Pylon  
  51  5:12  Stalker x3  
  51  5:13  Stalker  
Show
View Real Time Build Order
Export as new Build Order

A.I. 1 (Very Easy) Protoss 

Build Orders:  

Get SALT Encoding   

  12  0:00  Probe  
  13  0:13  Probe  
  14  0:20  Pylon  
  14  0:37  Assimilator  
  14  0:43  Gateway  
  14  0:46  Pylon  
  14  1:13  Assimilator  
  14  1:16  Probe  
  14  1:24  Probe  
  15  1:32  Probe, Cybernetics Core  
  17  1:43  Probe  
  18  1:55  Probe  
  18  1:58  Warp Gate  
  19  2:03  Probe  
  20  2:10  Stalker  
  22  4:13  Stalker  
  22  4:15  Pylon  
  22  4:24  Pylon  
  22  4:30  Pylon  
  20  4:44  Probe, Gateway  
  18  4:57  Probe  
  14  5:08  Pylon  
Tags
 
League
Diamond
Matchup
PvP
Spawn Locations
Cross Positions
Add a new tag
Caveats
  • Supply blocks, unpowered buildings, or Contaminate may cause inaccurate times.
  • Supply counts are checked every 10 seconds.